 Dungeon Crawl Stone Soup version 0.28-a0-305-g9e858e973b (webtiles) character file.

Game seed: 8103831585373379200

7351 bearlyready the Carver (level 11, -8/82 HPs)
             Began as a Formicid Cinder Acolyte on Aug 29, 2021.
             Was a High Priest of Ignis.
             Mangled by Urug (17 damage)
             ... on level 10 of the Dungeon.
             The game lasted 00:27:32 (12624 turns).

bearlyready the Carver (Formicid Cinder Acolyte)   Turns: 12624, Time: 00:27:33

Health: -8/82      AC: 12    Str: 18    XL:     11   Next: 35%
Magic:  26/26      EV: 10    Int: 20    God:    Ignis [*****.]
Gold:   281        SH: 16    Dex: 19    Spells: 17/18 levels left

rFire   + . .      SeeInvis +   u - +2 double sword (vamp)
rCold   . . .      Faith    .   z - +0 kite shield
rNeg    . . .      Spirit   .   h - +2 robe {Will+}
rPois   +          Reflect  +   (helmet unavailable)
rElec   .          Harm     .   F - +2 cloak of the Mind {Dex+3}
rCorr   .          Rampage  .   m - +1 pair of gloves
Will    +++..                   A - +2 pair of boots of Feggenko {Dex+4}
Stlth   ++........              S - amulet of reflection
HPRegen 0.23/turn               g - ring of the Aged Lusting Wars {rPois Will+ Str-4 Int+6 Dex+6}
MPRegen 0.20/turn               c - ring of magical power

@: mighty
A: permanent stasis, dig shafts and tunnels, antennae 3, four strong arms
a: Dig, Shaft Self, Renounce Religion, Sea of Fire, Foxfire Swarm, Rising Flame


You were on level 10 of the Dungeon.
You worshipped Ignis.
Ignis was extremely pleased with you.
You visited 1 branch of the dungeon, and saw 10 of its levels.

You collected 509 gold pieces.
You spent 228 gold pieces at shops.

Inventory:

Hand Weapons
 a - a -1 falchion of flaming
 u - a +2 vampiric double sword (weapon)
Missiles
 e - 218 stones
 j - 150 sling bullets
 n - 8 silver javelins
 t - 52 poisoned darts
 w - 5 curare-tipped darts
 B - 15 boomerangs
 J - 2 throwing nets
Armour
 b - a +0 robe
 d - a +0 pair of boots
 f - a +1 leather armour of poison resistance
 h - a +2 robe of willpower (worn)
 m - a +1 pair of gloves (worn)
 z - a +0 kite shield (worn)
 A - the +2 pair of boots of Feggenko (worn) {Dex+4}
   (You acquired it on level 10 of the Dungeon)

   Dex:       It affects your dexterity (+4).
 F - the +2 cloak of the Mind (worn) {Dex+3}
   (You bought it in a shop on level 7 of the Dungeon)

   Dex:       It affects your dexterity (+3).
 I - the +1 ring mail of the Planets {rN+ Str+4}
   (You found it on level 7 of the Dungeon)

   Str:       It affects your strength (+4).
   rN:        It protects you from negative energy.
 M - a +0 tower shield
 Q - a +0 troll leather armour
Jewellery
 c - a ring of magical power (right hand)
 g - the ring of the Aged Lusting Wars (left hand) {rPois Will+ Str-4 Int+6 Dex+6}
   (You acquired it on level 10 of the Dungeon)

   [ring of intelligence]

   Str:       It affects your strength (-4).
   Int:       It affects your intelligence (+6).
   Dex:       It affects your dexterity (+6).
   rPois:     It protects you from poison.
   Will:      It increases your willpower.
 k - a ring of fire
 S - an amulet of reflection (around neck)
Wands
 x - a wand of acid (5)
 L - a wand of iceblast (11)
Scrolls
 i - 3 scrolls of immolation
 l - 2 scrolls of noise
 o - a scroll of fog {unknown}
 q - 2 scrolls of enchant armour
 r - 2 scrolls of vulnerability
 v - a scroll of enchant weapon {unknown}
 y - a scroll of amnesia
 K - a scroll of torment {unknown}
 O - 2 scrolls of teleportation {unknown}
Potions
 p - 3 potions of brilliance
 s - a potion of degeneration {unknown}
 C - 2 potions of flight {unknown}
 D - 2 potions of lignification {unknown}
 E - 3 potions of curing
 G - a potion of resistance {unknown}
 H - 2 potions of haste
 N - a potion of invisibility
 P - a potion of attraction


   Skills:
 + Level 6.3 Fighting
 - Level 11.7 Long Blades
 + Level 5.6 Shields
 - Level 4.0 Spellcasting
 - Level 5.0 Conjurations
 - Level 5.5 Fire Magic
 + Level 5.1 Evocations


You had 17 spell levels left.
You knew the following spells:

 Your Spells              Type           Power      Damage    Failure   Level
a - Foxfire               Conj/Fire      100%       2x1d9     3%          1

Your spell library contained the following spells:

 Spells                   Type           Power      Damage    Failure   Level
 Sandblast                Erth           8%         2d5       26%         1
 Sting                    Tmut/Pois      16%        1d3       26%         1
 Passwall                 Tmut/Erth      3%         N/A       36%         2
 Poisonous Vapours        Pois/Air       8%         N/A       36%         2
 Olgreb's Toxic Radiance  Pois           4%         N/A       95%         4
 Lee's Rapid Deconstruct  Erth           2%         3d5*      100%        5
 Manifold Assault         Tloc           4%         N/A       100%        5
 Storm Form               Tmut/Air       2%         N/A       100%        7
 Blink                    Tloc           Unusable   N/A       N/A         2

Dungeon Overview and Level Annotations

Branches:
Dungeon (10/15)            Temple (0/1) D:7
   Lair: D:8-11         Orc: D:9-12

Altars:
Dithmenos
Fedhas
Gozag
Kikubaaqudgha
Okawaru
Qazlal
Ru
Sif Muna
Yredelemnul
Zin
The Shining One
Jiyva

Shops:
D:7 [   D:8 *

Annotations:
D:6 2 transporters, gowby's ghost, novice BaIE
D:10 Urug


Innate Abilities, Weirdness & Mutations

You cannot be hasted, slowed, berserked, paralysed or teleported.
You can dig through walls and to a lower floor.
You have a pair of large antennae on your head. (SInv)
Your four strong arms can wield two-handed weapons with a shield.


Message History

You slash Urug!
You feel better.
Urug is lightly wounded.
Urug adjusts her eyepatch.
You block Urug's attack.
You miss Urug.
Urug is lightly wounded.
Urug hits you with a +1 long sword of holy wrath.
You closely miss Urug.
Urug is lightly wounded.
Urug hits you with a +1 long sword of holy wrath!
You slash Urug!
You feel better.
Urug is moderately wounded.
Urug hits you with a +1 long sword of holy wrath!!
You closely miss Urug.
Urug is moderately wounded.
Urug hits you with a +1 long sword of holy wrath!!
You slash Urug!
Urug is heavily wounded.
Urug hits you with a +1 long sword of holy wrath!
* * * LOW HITPOINT WARNING * * *
Aiming: Corrosive Bolt
Press: ? - help, Shift-Dir - straight line, f - Urug
Aim: Urug, wielding a +1 long sword of holy wrath, wearing a +0 scale mail and quivering javelins (heavily wounded, 67% to hit)
The bolt of acid misses Urug.
Urug closely misses you.
Aiming: Corrosive Bolt
Press: ? - help, Shift-Dir - straight line, f/p - Urug
Aim: Urug, wielding a +1 long sword of holy wrath, wearing a +0 scale mail and quivering javelins (heavily wounded, 67% to hit)
The bolt of acid hits Urug!
The acid corrodes Urug!
Urug is severely wounded.
Urug drinks a potion.
Urug is healed!
Aiming: Corrosive Bolt
Press: ? - help, Shift-Dir - straight line, f/p - Urug
Aim: Urug, wielding a +1 long sword of holy wrath, wearing a +0 scale mail and quivering javelins (heavily wounded, covered in acid, 67% to hit)
The bolt of acid hits Urug!
Urug seems to be corroded for longer.
Urug is severely wounded.
Urug hits you with a +1 long sword of holy wrath!
* * * LOW HITPOINT WARNING * * *
You feel better.
Urug hits you with a +1 long sword of holy wrath!
You die...

#####################
##.#.#o#.#.#.#.#.#.#.#
##.#.#@#.#.#.#.#.#.#.#.
##.#####.#########.##### ##.##
#...........##.# #######.###
#...........'.#####
#.........#*#..........>#.#....
#.[.......+,#...........#.#....
#.........#,+...........#.#....
#.........#*#...........#.'....
#.........# ###+###########....


You could see Urug (corroded).

Vanquished Creatures
  Erolcha (D:10)
  A two-headed ogre (D:8)
  Joseph (D:10)
  A centaur zombie (D:10)
  2 trolls
  A slime creature (D:10)
  A wraith (D:8)
  Sigmund (D:4)
  A basilisk (D:9)
  5 yaks
  3 steam dragons
  An acid dragon (D:10)
  A water moccasin (D:7)
  2 orc warriors (D:5)
  2 black bears
  2 sky beasts
  A necrophage (D:4)
  A phantom (D:4)
  A centaur (D:9)
  3 scorpions
  4 bullfrogs
  3 gnoll sergeants
  A killer bee (D:9)
  10 wights
  2 howler monkeys (D:9)
  6 crimson imps (D:7)
  A hound (D:5)
  5 jellies
  3 orc priests
  Crazy Yiuf (D:3)
  2 gnoll shamans
  A bullfrog skeleton (D:6)
  2 iguanas
  4 orc wizards
  2 howler monkey zombies
  18 gnolls
  5 adders
  3 white imps (D:7)
  An ufetubus (D:7)
  2 adder skeletons (D:4)
  A worm (D:3)
  8 orcs
  3 endoplasms
  A giant cockroach (D:2)
  13 hobgoblins
  4 jackals
  5 quokkas
  5 ball pythons
  7 bats
  2 frilled lizards
  7 goblins
  9 kobolds
  9 rats
182 creatures vanquished.

Vanquished Creatures (others)
  832 foxfires
  A fungus (D:3)
833 creatures vanquished.

Grand Total: 1015 creatures vanquished

Notes
Turn   | Place    | Note
-------+----------+-------------------------------------------
     0 | D:1      | bearlyready the Formicid Cinder Acolyte began the quest for
                  | the Orb.
     0 | D:1      | Reached XP level 1. HP: 18/18 MP: 2/2
   383 | D:1      | Reached XP level 2. HP: 24/24 MP: 3/3
   647 | D:1      | Reached skill level 1 in Conjurations
   883 | D:2      | Reached XP level 3. HP: 29/29 MP: 4/4
  1876 | D:3      | Reached XP level 4. HP: 35/35 MP: 5/5
  2010 | D:3      | Found a shimmering blue altar of Sif Muna.
  2010 | D:3      | Found a stormy altar of Qazlal.
  2010 | D:3      | Found a blossoming altar of Fedhas.
  2320 | D:3      | Found a faded altar of an unknown god.
  2961 | D:4      | Reached XP level 5. HP: 25/41 MP: 6/6
  3206 | D:4      | Noticed a phantom
  3222 | D:4      | Killed a phantom
  3223 | D:4      | Reached skill level 4 in Long Blades
  3315 | D:4      | Noticed a necrophage
  3334 | D:4      | Killed a necrophage
  3335 | D:4      | Reached XP level 6. HP: 39/47 MP: 6/7
  3728 | D:4      | Noticed Sigmund
  3895 | D:4      | Killed Sigmund
  3896 | D:4      | Reached skill level 5 in Long Blades
  3896 | D:4      | Reached XP level 7. HP: 49/52 MP: 8/8
  4376 | D:5      | Entered Level 5 of the Dungeon
  5274 | D:5      | Found a glowing golden altar of the Shining One.
  5356 | D:5      | Found a glowing silver altar of Zin.
  5446 | D:5      | Reached XP level 8. HP: 14/58 MP: 10/11
  5703 | D:5      | Reached skill level 5 in Fire Magic
  7124 | D:6      | Found a shadowy altar of Dithmenos.
  7162 | D:6      | Reached skill level 5 in Conjurations
  7194 | D:6      | Noticed gowby's ghost (novice BaIE)
  7205 | D:6      | Found a transporter.
  7212 | D:6      | Found a transporter.
  7351 | D:6      | Found a sacrificial altar of Ru.
  7763 | D:7      | Reached skill level 6 in Long Blades
  7763 | D:7      | Reached XP level 9. HP: 64/64 MP: 15/15
  7897 | D:3      | Found a runed translucent door.
  7898 | D:3      | Noticed Crazy Yiuf
  7904 | D:3      | Killed Crazy Yiuf
  8001 | D:7      | Found Amauprer's Antique Armour Boutique.
  8008 | D:7      | Bought an ancient cloak for 228 gold pieces
  8008 | D:7      | Identified the +2 cloak of the Mind {Dex+3} (You bought it
                  | in a shop on level 7 of the Dungeon)
  8200 | D:6      | Reached skill level 7 in Long Blades
  8286 | D:7      | Found a staircase to the Ecumenical Temple.
  8332 | D:7      | Identified the +1 ring mail of the Planets {rN+ Str+4}
  8805 | D:7      | Noticed a troll
  8838 | D:8      | Reached skill level 8 in Long Blades
  8947 | D:8      | Noticed a kobold demonologist
  9117 | D:7      | Found an ancient bone altar of Kikubaaqudgha.
  9228 | D:7      | Reached skill level 9 in Long Blades
  9320 | D:7      | Found a basalt altar of Yredelemnul.
  9429 | D:7      | Found an iron altar of Okawaru.
  9731 | D:8      | Noticed a two-headed ogre
  9741 | D:8      | Killed a two-headed ogre
  9742 | D:8      | Reached skill level 10 in Long Blades
  9742 | D:8      | Reached XP level 10. HP: 29/70 MP: 16/16
 10002 | D:8      | Reached skill level 11 in Long Blades
 10089 | D:8      | Noticed a skeletal warrior
 10296 | D:8      | Identified 2 scrolls of acquirement
 10332 | D:8      | You fall into a shaft and drop 2 floors!
 10332 | D:10     | Entered Level 10 of the Dungeon
 10336 | D:10     | Acquired the +2 pair of boots of Feggenko {Dex+4}
 10348 | D:10     | Acquired the ring of the Aged Lusting Wars {rPois Will+
                  | Str-4 Int+6 Dex+6}
 10538 | D:10     | Noticed Erolcha
 10584 | D:10     | Found an opulent altar of Gozag.
 10760 | D:9      | Reached skill level 1 in Shields
 10769 | D:9      | Reached skill level 1 in Evocations
 11006 | D:9      | Noticed a two-headed ogre
 11159 | D:10     | Found a viscous altar of Jiyva.
 11290 | D:10     | Killed Erolcha
 11291 | D:10     | Reached skill level 5 in Fighting
 11291 | D:10     | Reached XP level 11. HP: 64/79 MP: 8/17
 11493 | D:10     | Noticed Joseph
 11499 | D:10     | Killed Joseph
 11557 | D:10     | Reached skill level 5 in Shields
 11619 | D:10     | Noticed Urug
 11988 | D:8      | Found Liab's Assorted Antiques.
 12015 | D:8      | Reached skill level 5 in Evocations
 12497 | D:9      | Noticed a tengu warrior
 12622 | D:10     | HP: 3/82 [Urug (16)]
 12624 | D:10     | Mangled by Urug

Illustrated notes

Levels and vault maps discovered:
D:1:      dpeg_arrival_concentric_ovals, layout_basic, corner_web_ring
D:2:      layout_loops_ring, chequers_serial_rivers_marsh, amethyst_killhole,
          minmay_misc_feat_nine_boxes
D:3:      layout_loops_ring, gammafunk_temple_overflow_forgotten,
          shapermc_ecumenical_altar_venn, uniq_crazy_yiuf_cottage
D:4:      layout_basic, uniq_sigmund
D:5:      layout_loops_corners, zin_statuary,
          mainiacjoe_overflow_six_doors_small, sword_in_stone
D:6:      layout_basic, mainiacjoe_overflow_small_starburst,
          nicolae_ru_great_annihilating_truth, gammafunk_ghost_hive
D:7:      layout_cave_pods, mainiacjoe_overflow_alcove_4,
          nicolae_overflow_crystal_walls, okawaru_altar_gauntlet_db,
          minmay_temple_entry_junction_2, serial_shops, shop, minivault_11,
          minmay_nine_imps
D:8:      minmay_curly_fans, layout_loops_ring, serial_shops, shop
D:9:      minmay_chambers_of_sixes, layout_basic, wad_floor_pattern_untrapped,
          grunt_decor_arrowhead
D:10:     layout_roguey, marbit_many_paths, jiyva_altar_1, uniq_urug,
          uniq_joseph, uniq_erolcha

Skill      XL: |  1  2  3  4  5  6  7  8  9 10 11 |
---------------+----------------------------------+-----
Conjurations   | 1 2 3 4 5 |  5.0
Fire Magic     | 2 3 4 5 |  5.5
Long Blades    | 4 5 6 10 11 | 11.7
Spellcasting   | 2 4 |  4.0
Shields        | 4 5 |  5.6
Evocations     | 3 5 |  5.1
Fighting       | 5 6 |  6.3

Action                   |  1- 3 |  4- 6 |  7- 9 | 10-12 || total
-------------------------+-------+-------+-------+-------++-------
Melee: Falchion          |    41 |    32 |    43 |       ||   116
       Double sword      |       |       |    91 |    82 ||   173
Throw: Dart              |       |       |     2 |       ||     2
 Cast: Foxfire           |    54 |    70 |   201 |   130 ||   455
Invok: Foxfire Swarm     |       |       |     2 |       ||     2
 Abil: Dig               |       |       |    17 |    10 ||    27
       Shaft Self        |       |       |       |     1 ||     1
Evoke: Wand              |       |       |     5 |     4 ||     9
  Use: Potion            |       |     2 |     2 |     2 ||     6
       Scroll            |       |       |     5 |     5 ||    10
Armor: Robe              |    13 |    12 |    57 |    33 ||   115
Dodge: Dodged            |    40 |    36 |   129 |    33 ||   238
Block: Kite shield       |       |       |       |    11 ||    11

Table legend: (Time is in decaauts)
 A = Elapsed time spent in this place.
 B = Non-inter-level travel time spent in this place.
 C = Inter-level travel time spent in this place.
 D = Time resting spent in this place.
 E = Time spent auto-exploring this place.
 F = Levels seen in this place.
 G = Mean time per level.
                   A        B        C        D        E       F      G
               +--------+--------+--------+--------+--------+-----+--------+
         Total |  12693 |  11944 |    749 |   1022 |   8314 |  10 | 1269.3 |
       Dungeon |  12693 |  11944 |    749 |   1022 |   8314 |  10 | 1269.3 |
               +--------+--------+--------+--------+--------+-----+--------+

Top non-repeatable levels by time:
     D:5: 2146 daAuts
     D:4: 1764 daAuts
     D:7: 1493 daAuts
     D:3: 1357 daAuts
     D:8: 1236 daAuts
    D:10: 1217 daAuts
     D:6: 1074 daAuts
     D:2: 1010 daAuts
     D:1: 861 daAuts
     D:9: 530 daAuts
